 Dungeon Crawl Stone Soup version 0.21-a0-630-g344d351 (webtiles) character file.

11 theanonym the Slasher (level 2, -1/17 HPs)
             Began as a Tengu Gladiator on Dec 26, 2017.
             Slain by a goblin
             ... wielding a +0 dagger
              (4 damage)
             ... on level 1 of the Dungeon.
             The game lasted 00:00:38 (309 turns).

theanonym the Slasher (Tengu Gladiator)              Turns: 309, Time: 00:00:39

Health: -1/17      AC:  3    Str: 14    XL:     2   Next: 25%
Magic:  3/3        EV: 13    Int:  8    God:
Gold:   0          SH:  0    Dex: 15    Spells: 1/1 levels left

rFire    . . .     SeeInvis .   a - +0 long sword
rCold    . . .     Gourm    .   (no shield)
rNeg     . . .     Faith    .   b - +0 leather armour {4}
rPois    .         Spirit   .   c - +0 hat
rElec    .         Reflect  .   (no cloak)
rCorr    .         Harm     .   (no gloves)
MR       .....                  (boots unavailable)
Stlth    +.........             (no amulet)
HPRegen  0.05/turn              (no ring)
MPRegen  0.08/turn              (no ring)

@: no status effects
A: beak, talons 3
a: no special abilities


Innate Abilities, Weirdness & Mutations

You have a beak for a mouth.
You have claws for feet.


   Skills:
 + Level 2.3 Fighting
 * Level 3.8 Long Blades
 - Level 2.0 Throwing
 - Level 3.2 Dodging


You had one spell level left.
You didn't know any spells.

Action                   || total
-------------------------++-------
Melee: Long sword        ||    19
       Kick              ||     9
       Peck              ||     2
Throw: Throwing net      ||     3
 Stab: Held in net/web   ||     1
Armor: Leather armour    ||     6
Dodge: Dodged            ||    15
       Rpst.: Long sword ||     3

Inventory:

Hand Weapons
 a - a +0 long sword (weapon)
Armour
 b - a +0 leather armour (worn) {4}
 c - a +0 hat (worn)
Comestibles
 e - a ration


You were on level 1 of the Dungeon.
You were not hungry.

You visited 1 branch of the dungeon, and saw 1 of its levels.

Dungeon Overview and Level Annotations

Branches:
Dungeon (1/15)

Altars:
Ashenzari


Message History

You take 1 damage, and have 2/12 hp.
You closely miss the jackal. The jackal barely misses you.
You riposte.
You hit the jackal.
You kill the jackal!
You barely miss the kobold. You claw the kobold.
You kill the kobold!
A goblin comes into view. It is wielding a dagger.
You close the door, pushing everything out of the way.
You start resting.
Health restored: 12 You open the door.
There is an open door, spattered with blood here.
You see here a whip.
A kobold comes into view. It is wielding a dagger.
A kobold is nearby!
The kobold shouts!
The kobold throws a stone.
The stone hits you.
You see here a stone.
You take 1 damage, and have 11/12 hp.
The kobold throws a stone.
The stone hits you but does no damage.
Things that are here:
a stone; 3 gold pieces The kobold throws a stone.
The stone hits you.
You see here a stone.
You take 3 damage, and have 8/12 hp.
MASSIVE DAMAGE!! 2 rats come into view.
The kobold throws a stone.
The stone hits you.
You see here a stone.
You take 2 damage, and have 6/12 hp.
You are too injured to fight recklessly!
You are too injured to fight recklessly!
You are too injured to fight recklessly!
You are too injured to fight recklessly!
You are too injured to fight recklessly!
You are too injured to fight recklessly!
The kobold throws a stone.
The stone closely misses you.
Found 5 gold pieces and 19 sling bullets.
Found a shattered altar of Ashenzari.
The kobold hits you but does no damage.
You barely miss the kobold. Your kick misses the kobold.
The kobold hits you but does no damage. The rat bites you but does no damage.
The kobold closely misses you.
You barely miss the kobold. You claw the kobold. The rat barely misses you.
The rat completely misses you. The kobold hits you with a dagger.
The rat bites you.
* * * LOW HITPOINT WARNING * * *
The rat closely misses you.
You riposte.
You slash the rat!
You kill the rat!
You have reached level 2!
You take 3 damage, and have 3/17 hp.
MP restored: 3 You closely miss the kobold.
You claw the kobold, but do no damage. The kobold misses you.
The rat misses you.
You barely miss the kobold. Your kick misses the kobold.
The kobold hits you but does no damage. The rat bites you but does no damage.
You closely miss the kobold. You claw the kobold.
You kill the kobold!
The rat bites you but does no damage.
You closely miss the rat. Your kick misses the rat. The rat bites you.
* * * LOW HITPOINT WARNING * * *
The rat closely misses you.
You riposte.
You hit the rat. You claw the rat.
You kill the rat!
You take 3 damage, and have 1/17 hp.
A goblin comes into view.
The goblin shouts!
You start resting.
Aim: a goblin You throw a throwing net.
The throwing net hits the goblin.
The goblin is caught in the net!
The goblin struggles against the net.
You catch the helpless goblin completely off-guard!
You hit the goblin. You claw the goblin.
You kill the goblin!
You start resting.
A jackal comes into view.
Aim: a jackal (hasn't noticed you)
You throw a throwing net.
The throwing net closely misses the jackal.
The jackal barks!
You hear a shout!
You hear a bark!
Aim: a jackal You throw a throwing net.
The throwing net closely misses the jackal.
The jackal barely misses you.
Firing (i - inventory): No suitable missiles.
Aim: a jackal
Okay, then.
Unknown command.
You hit the jackal but do no damage. Your kick misses the jackal.
You peck the jackal. The jackal closely misses you. x2
You miss the jackal. You claw the jackal.
You kill the jackal!
You start resting.
A goblin comes into view. It is wielding a dagger.
You aren't carrying any items that you can evoke.
Unknown command.
Unknown command.
You closely miss the goblin. Your kick misses the goblin.
The goblin misses you.
You hit the goblin. You claw the goblin, but do no damage.
The goblin hits you with a dagger.
You die...

#.....# ....
#.....# ..(_.
#...(.# .....
#..(.(#####....$
#.....((.#....g.
####...(..⌠.#
###...(###
#(.....g.#
#.##..).@# #.
##....# .
#.#.... #
#.#......
.......##
#########


You could see a goblin.

Notes
Turn   | Place    | Note
-------+----------+-------------------------------------------
     0 | D:1      | theanonym the Tengu Gladiator began the quest for the Orb.
     0 | D:1      | Reached XP level 1. HP: 12/12 MP: 2/2
     7 | D:1      | HP: 6/12 [jackal (1)]
    11 | D:1      | HP: 2/12 [jackal (1)]
   261 | D:1      | HP: 6/12 [kobold/stone (2)]
   262 | D:1      | Found a shattered altar of Ashenzari.
   265 | D:1      | HP: 2/12 [rat (3)]
   265 | D:1      | Reached XP level 2. HP: 3/17 MP: 3/3
   309 | D:1      | Slain by a goblin

Vanquished Creatures
  2 goblins (D:1)
  3 jackals (D:1)
  2 frilled lizards (D:1)
  2 kobolds (D:1)
  2 rats (D:1)
11 creatures vanquished.

Table legend:
 A = Turns spent in this place as a percentage of turns spent in the entire game.
 B = Non-inter-level travel turns spent in this place as a percentage of non-inter-level travel turns spent in the entire game.
 C = Inter-level travel turns spent in this place as a percentage of turns spent in this place.
 D = Turns resting spent in this place as a percentage of non-inter-level travel turns spent in this place.
 E = Turns spent auto-exploring this place as a percentage of non-inter-level travel turns spent in this place.
 F = Non-inter-level travel turns spent in this place divided by the number of levels of this place that you've seen.
                   A       B       C       D       E      F
               +-------+-------+-------+-------+-------+----------------------
         Total | 100.0 | 100.0 |   0.0 |  85.4 |   2.9 | 309.0
       Dungeon | 100.0 | 100.0 |   0.0 |  85.4 |   2.9 | 309.0
               +-------+-------+-------+-------+-------+----------------------
